 Dungeon Crawl Stone Soup version 0.29.1-1-gd02db69 (webtiles) character file.

Game seed: 828964119577562259

1102 Timinator the Ruffian (level 7, 0/57 HPs)
             Began as a Demigod Transmuter on Dec 19, 2022.
             Succumbed to a water moccasin's poison
             ... on level 6 of the Dungeon.
             The game lasted 00:22:37 (7129 turns).

Timinator the Ruffian (Demigod Transmuter)          Turns: 7129, Time: 00:22:37

Health: 0/57       AC:  9    Str: 25    XL:     7   Next: 85%
Magic:  15/15      EV: 14    Int: 15    God:
Gold:   330        SH:  0    Dex: 20    Spells: 9/12 levels left

rFire   + . .      SeeInvis .     - Unarmed
rCold   + . .      Faith    .   (no shield)
rNeg    . . .      Spirit   .   o - +3 leather armour of the Barnacle {Rampage}
rPois   +          Reflect  .   g - +0 helmet
rElec   +          Harm     .   (no cloak)
rCorr   +          Rampage  +   k - +0 pair of gloves
Will    .....                   z - +0 pair of boots
Stlth   +.........              (no amulet)
HPRegen 0.19/turn               l - +6 ring of strength
MPRegen 0.14/turn               t - +6 ring of dexterity

@: mighty, lethally poisoned (0 -> -33), resistant, wereblooded (expiring),
flying, hasted, very quick
A: high MP 1, forlorn, divine attributes
a: no special abilities


You were on level 6 of the Dungeon.
You visited 1 branch of the dungeon, and saw 7 of its levels.

You collected 390 gold pieces.
You spent 60 gold pieces at shops.

Inventory:

Missiles
 e - 2 throwing nets
 m - 5 boomerangs of dispersal
 D - 2 javelins (quivered)
Armour
 a - a +0 robe
 d - a +0 ring mail
 g - a +0 helmet (worn)
 j - a +0 ring mail
 k - a +0 pair of gloves (worn)
 o - the +3 leather armour of the Barnacle (worn) {Rampage}
   (You found it on level 3 of the Dungeon)

   Rampage:   It bestows one free step when moving towards enemies.
 z - a +0 pair of boots (worn)
Jewellery
 l - a +6 ring of strength (left hand)
 r - a ring of willpower
 t - a +6 ring of dexterity (right hand)
 C - a +4 ring of evasion
Wands
 u - a wand of flame (24)
 y - a wand of digging (6)
Scrolls
 c - 13 scrolls of identify
 f - 3 scrolls of magic mapping {unknown}
 h - a scroll of noise {unknown}
 i - a scroll of enchant armour {unknown}
 p - 2 scrolls of teleportation {unknown}
 q - 2 scrolls of enchant weapon {unknown}
 s - a scroll of vulnerability {unknown}
 v - a scroll of amnesia {unknown}
 x - a scroll of blinking {unknown}
 E - a scroll of poison {unknown}


   Skills:
 * Level 3.4 Fighting
 - Level 2.0 Armour
 * Level 3.9 Dodging
 + Level 5.0 Unarmed Combat
 + Level 3.3 Spellcasting
 * Level 4.5 Transmutations


You had 9 spell levels left.
You knew the following spells:

 Your Spells              Type           Power      Damage    Failure   Level
a - Wereblood             Tmut           16%        N/A       4%          2
b - Beastly Appendage     Tmut           32%        N/A       3%          1

Your spell library contained the following spells:

 Spells                   Type           Power      Damage    Failure   Level
 Spider Form              Tmut/Pois      9%         N/A       26%         3
 Ice Form                 Ice/Tmut       9%         N/A       65%         4


Dungeon Overview and Level Annotations

Branches:
Dungeon (7/15)
 Temple: D:4-7

Shops:
D:3 ?


Innate Abilities, Weirdness & Mutations

You have an increased reservoir of magic. (+10% MP)
You shall have no god before yourself.
Your divine heritage dramatically boosts your attributes as you level up.


Message History

The water moccasin is moderately wounded.
* * * LOW HITPOINT WARNING * * *
You feel sick.
The water moccasin bites you but does no damage.
The howler monkey hoots and howls with incredible vigour!
The water moccasin closely misses you.
Sorry, you're not good enough to have a special ability.
It was a potion of heal wounds.
You feel much better.
You feel sick. The water moccasin closely misses you.
You hit the water moccasin.
The water moccasin is moderately wounded.
You feel sick. The water moccasin barely misses you.
You miss the water moccasin.
The water moccasin is moderately wounded.
You feel sick. The water moccasin bites you.
The water moccasin closely misses you.
You feel sick.
You closely miss the water moccasin.
The water moccasin is moderately wounded.
You feel sick.
The water moccasin bites you but does no damage.
You barely miss the water moccasin.
The water moccasin is moderately wounded.
Your primal bloodlust is almost over.
You feel sick. The water moccasin bites you.
* * * LOW HITPOINT WARNING * * *
You are lethally poisoned!
The water moccasin poisons you!
It was a potion of haste.
You feel yourself speed up.
* * * LOW HITPOINT WARNING * * *
You feel very sick. The water moccasin bites you!
* * * LOW HITPOINT WARNING * * *
You are more poisoned.
The water moccasin poisons you! The water moccasin bites you.
* * * LOW HITPOINT WARNING * * *
It was a potion of flight.
You feel very buoyant.
You fly up into the air.
You die...

####### #.....# #.###.# #.###.#
###.#...#### ##...#......#
############ #........##.#
######..........###........##.#
................@Sh..>.....##.#
######..........#####.####.##.###
#..........# #.......##....
###..........####.....########
#...........###....##.########
#...........# #.##.##.##......
#...........# #.#..##.##.#####
####...........###....##.##...#
#...............####..##.####.###


You could see a water moccasin and a howler monkey.

Vanquished Creatures
  3 ice beasts
  An ogre (D:5)
  2 bullfrogs
  3 scorpions
  5 hounds
  Jessica (D:2)
  2 iguanas
  3 gnolls (D:4)
  7 adders
  3 worms
  6 dart slugs
  11 orcs
  3 ball pythons
  2 bats
  6 endoplasms
  2 giant cockroaches (D:1)
  7 hobgoblins
  10 jackals
  3 quokkas
  2 frilled lizards
  4 goblins
  6 kobolds
  9 rats
101 creatures vanquished.

Vanquished Creatures (others)
  2 plants (D:4)
  A withered plant (D:4)
3 creatures vanquished.

Grand Total: 104 creatures vanquished

Notes
Turn   | Place    | Note
-------+----------+-------------------------------------------
     0 | D:1      | Timinator the Demigod Transmuter began the quest for the
                  | Orb.
     0 | D:1      | Reached XP level 1. HP: 15/15 MP: 5/5
   231 | D:1      | Reached skill level 1 in Fighting
   343 | D:1      | Reached XP level 2. HP: 13/23 MP: 4/7
   627 | D:1      | Reached skill level 3 in Unarmed Combat
  1266 | D:2      | Noticed Jessica
  1281 | D:2      | Killed Jessica
  1282 | D:2      | Reached XP level 3. HP: 8/28 MP: 6/8
  1515 | D:2      | Identified the +0 robe of an ossuary {+Blink rElec Will-
                  | SInv}
  1971 | D:2      | Reached skill level 1 in Armour
  2032 | D:2      | Reached XP level 4. HP: 19/35 MP: 7/9
  2930 | D:3      | Identified the +3 leather armour of the Barnacle {Rampage}
  2957 | D:3      | Learned a level 2 spell: Wereblood
  3153 | D:3      | Found Wopycyurev's Magic Scroll Emporium.
  3170 | D:3      | Bought a scroll of identify for 20 gold pieces
  3170 | D:3      | Bought a scroll of identify for 20 gold pieces
  3170 | D:3      | Bought a scroll of identify for 20 gold pieces
  3869 | D:4      | Noticed a bullfrog
  3882 | D:4      | Killed a bullfrog
  3883 | D:4      | Reached XP level 5. HP: 28/41 MP: 11/11
  4336 | D:4      | HP: 1/41 [poisoned by a scorpion]
  4525 | D:4      | Reached XP level 6. HP: 45/48 MP: 10/12
  4756 | D:4      | Reached skill level 4 in Unarmed Combat
  5546 | D:5      | Entered Level 5 of the Dungeon
  5692 | D:5      | Reached XP level 7. HP: 56/56 MP: 12/14
  6935 | D:6      | Reached skill level 5 in Unarmed Combat
  7129 | D:6      | Succumbed to a water moccasin's poison

Illustrated notes

Levels and vault maps discovered:
D:1:      co_arrival_random_square_maze, layout_basic,
          ebering_ecumenical_altar_sacrificial
D:2:      layout_basic, minmay_ruptured, uniq_jessica
D:3:      layout_basic, bloody_trog, serial_shops,
          nicolae_shop_temple_entry_statues_fountains
D:4:      kennysheep_big_flooded_room, layout_basic, yredelemnul_altar_generic,
          nicolae_overflow_crystal_walls, serial_bayou_pond_c
D:5:      layout_loops_ring
D:6:      layout_basic, nicolae_tso_carved_into_rock
D:7:      layout_cave_pools, temple_hall, serial_shops, shop

Skill      XL: |  1  2  3  4  5  6  7 |
---------------+----------------------+-----
Fighting       | 1 2 3 |  3.4
Transmutations | 2 3 4 |  4.5
Unarmed Combat | 3 4 5 |  5.0
Dodging        | 2 3 |  3.9
Spellcasting   | 2 3 |  3.3
Armour         | 1 2 |  2.0

Action                   |  1- 3 |  4- 6 |  7- 9 || total
-------------------------+-------+-------+-------++-------
Melee: Unarmed           |   107 |   159 |    82 ||   348
       Kick              |    18 |    30 |    17 ||    65
       Punch             |     2 |     3 |     3 ||     8
       Headbutt          |    11 |    23 |     6 ||    40
 Cast: Beastly Appendage |    23 |    27 |     9 ||    59
       Wereblood         |       |     1 |     3 ||     4
  Use: Potion            |       |     4 |     5 ||     9
 Stab: Sleeping          |       |     1 |     2 ||     3
Armor: Robe              |    12 |     1 |       ||    13
       Leather armour    |       |    29 |    28 ||    57
       Skin              |       |     1 |       ||     1
Dodge: Dodged            |    54 |    82 |    50 ||   186
